 Dungeon Crawl Stone Soup version 0.23-a0-667-gc184e93 (console) character file.

18 Duffy the Firebug (level 2, 0/19 HPs)
             Began as a Demonspawn Fire Elementalist on Jan 8, 2019.
             Slain by a goblin
             ... wielding a cursed +0 dagger
             ... led by Robin
              (6 damage)
             ... on level 1 of the Dungeon.
             The game lasted 00:01:31 (775 turns).

Duffy the Firebug (Demonspawn Fire Elementalist)     Turns: 775, Time: 00:01:31

Health: 0/19       AC:  2    Str:  8    XL:     2   Next: 51%
Magic:  0/5        EV: 12    Int: 16    God:
Gold:   0          SH:  0    Dex: 13    Spells: 4/5 levels left

rFire    . . .     SeeInvis .   (no weapon)
rCold    . . .     Gourm    .   (no shield)
rNeg     . . .     Faith    .   a - +0 robe
rPois    .         Spirit   .   (no helmet)
rElec    .         Reflect  .   (no cloak)
rCorr    +         Harm     .   (no gloves)
MR       .....                  (no boots)
Stlth    ++........             b - amulet of the acrobat
HPRegen  0.06/turn              d - ring of resist corrosion
MPRegen  0.09/turn              (no ring)

@: very slightly contaminated
A: powered by death 1
a: no special abilities


You were on level 1 of the Dungeon.
You were not hungry.

You visited 1 branch of the dungeon, and saw 2 of its levels.

Inventory:

Armour
 a - a +0 robe (worn)
Jewellery
 b - an amulet of the acrobat (around neck)
 d - a ring of resist corrosion (left hand)
Scrolls
 e - a scroll of identify {unknown}
 g - 2 scrolls of remove curse {unknown}
Comestibles
 c - a ration


   Skills:
 - Level 1.7 Dodging
 - Level 1.7 Stealth
 - Level 2.0 Spellcasting
 + Level 2.6 Conjurations
 - Level 2.6 Fire Magic


You had 4 spell levels left.
You knew the following spells:

 Your Spells              Type           Power        Failure   Level  Hunger
h - Flame Tongue          Conj/Fire      ##...        7%          1    #......

Your spell library contained the following spells:

 Spells                   Type           Power        Failure   Level  Hunger
 Throw Flame              Conj/Fire      ##....       11%         2    ###....
 Conjure Flame            Conj/Fire      ##......     22%         3    ###....
 Inner Flame              Hex/Fire       #.......     34%         3    ###....
 Sticky Flame             Conj/Fire      ##......     56%         4    #####..
 Fireball                 Conj/Fire      ##........   89%         5    ######.


Dungeon Overview and Level Annotations

Branches:
Dungeon (2/15)

Altars:

Annotations:
D:1 Robin


Innate Abilities, Weirdness & Mutations

You regenerate a little health from kills.


Message History

a bat skeleton x2
The goblin completely misses you. The goblin completely misses you.
The goblin completely misses you.
Robin says, "Feeling lonely?"
The goblin completely misses you. Robin throws the goblin at you!
Robin hits you with a cursed +0 short sword.
Things that are here:
a bat skeleton x2
Robin completely misses you.
Robin roars a battlecry!
The goblin goes into a battle-frenzy!
Casting: Flame Tongue (safe; 7% risk of failure)
Confirm with . or Enter, or press ? or * to list all spells.
Aiming: Flame Tongue (safe; 7% risk of failure)
Press: ? - help, Shift-Dir - straight line, f - Robin, p - goblin
Aim: Robin, wielding a +0 short sword, wearing a +0 animal skin and wearing a You miscast Flame Tongue.
Heat runs through your body.
The goblin hits you with a cursed +0 dagger.
You die...

#######
#...%g# #
#.###g####...
#...@........
#..##....#.#.
#))..###.#.
##>.........
#.#.#######
#.....)..$.#
#.......##.#
#........ .#
#.!.....## #


You could see Robin and a goblin.

Vanquished Creatures
  A dart slug (D:2)
  A giant cockroach (D:1)
  3 goblins
  5 hobgoblins
  4 bats (D:1)
  2 frilled lizards
16 creatures vanquished.

Notes
Turn   | Place    | Note
-------+----------+-------------------------------------------
     0 | D:1      | Duffy the Demonspawn Fire Elementalist began the quest for
                  | the Orb.
     0 | D:1      | Reached XP level 1. HP: 13/13 MP: 3/3
   435 | D:2      | Noticed Robin
   450 | D:2      | Gained mutation: You regenerate a little health from kills.
                  | [demonic ancestry]
   450 | D:2      | Reached XP level 2. HP: 19/19 MP: 3/5
   775 | D:1      | Slain by a goblin

Vault maps used:
D:1:      scummos_arrival_simple_crosswalls, tso_metal_star
D:2:      minmay_pentomino_u4, uniq_robin

Skill      XL: |  1 |
---------------+----+-----
Conjurations   | 2 |  2.6
Dodging        | |  1.7
Stealth        | |  1.7
Spellcasting   | |  2.0
Fire Magic     | |  2.6

Action                   || total
-------------------------++-------
Melee: Unarmed           ||    27
 Cast: Flame Tongue      ||    30
 Stab: Sleeping          ||     1
Armor: Robe              ||    28
Dodge: Dodged            ||   147

Table legend:
 A = Non-vault XP
 B = Vault XP
 C = Vault XP percentage of total XP
 D = Non-vault monster count
 E = Vault monster count
 F = Vault count percentage of total count
                 A         B        C        D         E       F
            +---------+---------+-------+---------+---------+-------
      Total |      16 |      11 |  40.7 |      10 |       6 |  37.5
            +---------+---------+-------+---------+---------+-------
        D:1 |      11 |       6 |  35.3 |       8 |       3 |  27.3
        D:2 |       5 |       5 |  50.0 |       2 |       3 |  60.0
            +---------+---------+-------+---------+---------+-------
